 Dungeon Crawl Stone Soup version 0.29.1-1-gd02db6906a (webtiles) character file.

Game seed: 7004535295185080229

74 hikkokomori the Trooper (level 4, 0/29 HPs)
             Began as a Gargoyle Fighter on Oct 6, 2022.
             Killed from afar by Sigmund (3 damage)
             ... with a magic dart
             ... on level 2 of the Dungeon.
             The game lasted 00:02:13 (1451 turns).

hikkokomori the Trooper (Gargoyle Fighter)          Turns: 1451, Time: 00:02:13

Health: 0/29       AC: 10    Str: 19    XL:     4   Next: 28%
Magic:  4/4        EV:  9    Int:  9    God:
Gold:   87         SH:  4    Dex: 11    Spells: 3/3 levels left

rFire   . . .      SeeInvis .   a - +0 flail
rCold   . . .      Faith    .   c - +0 buckler
rNeg    + + .      Spirit   .   b - +0 scale mail
rPois   ∞          Reflect  .   (no helmet)
rElec   +          Harm     .   (no cloak)
rCorr   .          Rampage  .   (no gloves)
Will    +....                   (no boots)
Stlth   ..........              (no amulet)
HPRegen 0.09/turn               l - ring of positive energy
MPRegen 0.09/turn               r - ring of willpower

@: brilliant
A: sickness immunity, AC +3, negative energy resistance 1, electricity
resistance, torment resistance 1, petrification resistance
a: no special abilities


You were on level 2 of the Dungeon.
You visited 1 branch of the dungeon, and saw 2 of its levels.

You collected 87 gold pieces.

Inventory:

Hand Weapons
 a - a +0 flail (weapon)
Armour
 b - a +0 scale mail (worn)
 c - a +0 buckler (worn)
Jewellery
 l - a ring of positive energy (left hand)
 r - a ring of willpower (right hand)
Scrolls
 f - a scroll of enchant weapon {unknown}
 h - 2 scrolls of teleportation {unknown}
 k - a scroll of torment {unknown}
 m - a scroll of enchant armour {unknown}
 n - a scroll of fear {unknown}
 p - a scroll of identify {unknown}
 s - a scroll of magic mapping {unknown}
Potions
 d - a potion of might
 e - a potion of flight {unknown}
 g - a potion of mutation {unknown}
 i - a potion of brilliance
 j - a potion of heal wounds {unknown}
 o - a potion of attraction {unknown}
 q - 2 potions of ambrosia {unknown}


   Skills:
 + Level 4.0 Fighting
 + Level 2.7 Maces & Flails
 + Level 3.9 Armour
 + Level 3.9 Shields


You had 3 spell levels left.
You didn't know any spells.
Your spell library contained the following spells:

 Spells                   Type           Power      Damage    Failure   Level
 Chain Lightning          Conj/Air       0%         N/A       100%        9
 Fire Storm               Conj/Fire      0%         5d1       100%        9
 Shatter                  Erth           0%         3d5*      100%        9


Dungeon Overview and Level Annotations

Branches:
Dungeon (2/15)

Altars:

Annotations:
D:2 Sigmund


Innate Abilities, Weirdness & Mutations

You are immune to sickness and miasma.
Your stone body is resilient. (AC +3)
You are immune to poison.
You resist negative energy. (rN+)
You are resistant to electric shocks. (rElec)
You are resistant to unholy torment.
You are immune to petrification.


Message History

You kill the hobgoblin!
Something hits you but does no damage.
No target in view!
Something hits you but does no damage.
You see here a hobgoblin corpse.
You hit something.
You hear some strange, mumbled words.
A puff of flame appears from out of thin air!
The puff of flame hits you.
You barely miss something. Something hits you but does no damage.
You sock something! Something hits you but does no damage.
You closely miss something. Something hits you but does no damage.
You closely miss something. Something hits you.
You barely miss something. You miss something. You block something's attack.
You barely miss something. You block something's attack.
You closely miss something.
You hear some strange, mumbled words.
A puff of flame appears from out of thin air!
The puff of flame hits you!
You barely miss something. Something hits you but does no damage.
You miss something. Something hits you.
You closely miss something. Something hits you but does no damage.
You closely miss something. Something hits you but does no damage.
You barely miss something. Something hits you but does no damage.
You barely miss something. You miss something.
You hear some strange, mumbled words.
A magic dart appears from out of thin air!
The magic dart hits you. Something hits you!
* * * LOW HITPOINT WARNING * * *
You hit something but do no damage. You thump something! Something hits you.
* * * LOW HITPOINT WARNING * * *
It was a potion of brilliance.
You feel clever all of a sudden.
You hear some strange, mumbled words.
A magic dart appears from out of thin air!
The magic dart hits you.
You die...

######## #......#
####### #......#
#.....# #......#
#.....## #......#
#......###......#
#........#......#
###.####...@{..##
#.# ###..##...#
#.# #.....#..#
###### #.#
###....#.#
###..... #.#
###... ..#.....
#.# #...###......
#.# ###.....#...
#.# #.......##.#
#.#
#..#..##..#.##


There were no monsters in sight!

Vanquished Creatures
  Terence (D:2)
  A gnoll (D:1)
  3 dart slugs
  3 endoplasms (D:1)
  2 giant cockroaches
  3 goblins
  5 hobgoblins
  6 kobolds
  A quokka (D:1)
  A ball python (D:1)
  2 bats
  2 frilled lizards (D:1)
  3 rats (D:1)
33 creatures vanquished.

Vanquished Creatures (others)
  14 plants (D:1)
14 creatures vanquished.

Grand Total: 47 creatures vanquished

Notes
Turn   | Place    | Note
-------+----------+-------------------------------------------
     0 | D:1      | hikkokomori the Gargoyle Fighter began the quest for the
                  | Orb.
     0 | D:1      | Reached XP level 1. HP: 14/14 MP: 1/1
    32 | D:1      | Reached XP level 2. HP: 16/19 MP: 2/2
   402 | D:1      | Reached XP level 3. HP: 17/23 MP: 3/3
   913 | D:1      | Found a faded altar of an unknown god.
  1116 | D:2      | Noticed Terence
  1132 | D:2      | Killed Terence
  1133 | D:2      | Reached XP level 4. HP: 10/29 MP: 4/4
  1137 | D:2      | Reached skill level 4 in Fighting
  1426 | D:2      | Noticed Sigmund
  1451 | D:2      | Killed from afar by Sigmund

Illustrated notes

Levels and vault maps discovered:
D:1:      roderic_octagonal_star, layout_rooms,
          dilly_ecumenical_altar_fadedgnrine, grunt_decor_mini_mirrors
D:2:      layout_rooms, kennysheep_crisscross, minmay_misc_feat_enclosed,
          uniq_terence, uniq_sigmund

Skill      XL: |  1  2  3  4 |
---------------+-------------+-----
Fighting       | 4 |  4.0
Maces & Flails | |  2.7
Armour         | |  3.9
Shields        | |  3.9

Action                   |  1- 3 |  4- 6 || total
-------------------------+-------+-------++-------
Melee: Flail             |   101 |    28 ||   129
  Use: Potion            |       |     1 ||     1
Armor: Scale mail        |    72 |    24 ||    96
Dodge: Dodged            |    66 |     4 ||    70
Block: Buckler           |    31 |     4 ||    35
